 Dungeon Crawl Stone Soup version 0.31.0-11-ge490571c62 (webtiles) character file.

Game seed: 8700663928378875508

53 dialectric the Changeling (level 3, -4/18 HPs)
             Began as a Vine Stalker Shapeshifter on Jan 27, 2024.
             Slain by an iguana (11 damage)
             ... on level 3 of the Dungeon.
             The game lasted 00:01:34 (1453 turns).

dialectric the Changeling (VSSh)                    Turns: 1453, Time: 00:01:35

Health: -4/18      AC:  2    Str: 18    XL:     3   Next: 87%
Magic:  0/4        EV: 12    Int: 10    God:
Gold:   110        SH:  0    Dex: 13    Spells: 2/2 levels left

rFire   . .          .
                       - Unarmed
rCold   + . .        (no shield)
rNeg    . . .        a - +0 animal skin
rPois   .            (helmet currently unavailable)
rElec   .            (cloak currently unavailable)
rCorr   .            (gloves currently unavailable)
SInv    .            (boots currently unavailable)
Will    .....        (no amulet)
Stlth   +            g - ring of protection from cold
HPRegen 1.03/turn    (no ring)
MPRegen 0.09/turn

%: guardian spirit
@: beast-form
A: beast (slay +2), fangs 2, regeneration 1, magic shield, antimagic bite, no
potion heal 2
a: Begin Untransformation


You were on level 3 of the Dungeon.
You were a hulking beast.
You visited 1 branch of the dungeon, and saw 3 of its levels.

You collected 110 gold pieces.

Inventory:

Armour
 a - a +0 animal skin (worn)
 k - a +0 plate armour
Jewellery
 g - a ring of protection from cold (left hand)
Talismans
 c - a beast talisman
 d - a flux talisman
Scrolls
 e - 4 scrolls of identify {unknown}
 h - a scroll of fear {unknown}
 i - a scroll of teleportation {unknown}
Potions
 b - a potion of lignification
 f - a potion of invisibility {unknown}
 j - a potion of brilliance {unknown}


   Skills:
 + Level 1.1 Fighting
 * Level 0.8 Armour
 + Level 2.1 Dodging
 - Level 3.1 Unarmed Combat
 + Level 3.7 Shapeshifting


You had 2 spell levels left.
You didn't know any spells.
Your spell library contained the following spells:

 Spells                   Type           Power      Damage    Failure   Level
 Summon Small Mammal      Summ           0%         N/A       36%         1
 Call Canine Familiar     Summ           0%         N/A       75%         3
 Summon Blazeheart Golem  Fire/Summ      0%         N/A       98%         4


Dungeon Overview and Level Annotations

Branches:
Dungeon (3/15)

Altars:


Innate Abilities, Weirdness & Mutations

You are a hulking beast.
Your limbs bulge with bestial killing power. (Slay +2)
You have extremely sharp teeth.
Your natural rate of healing is unusually fast.
When hurt, damage is shared between your health and your magic reserves.
Your bite disrupts and absorbs the magic of your enemies.
Potions cannot restore your health.


Message History

There is a stone staircase leading up here.
Sorry, I don't know how to get there.
Unknown command.
Found a sling.
No target in view!
There is a stone staircase leading up here.
A kobold comes into view. It is wielding a +0 short sword.
Found 6 gold pieces.
The kobold shouts!
You hear an angry hiss.
You hear a shout!
An iguana comes into view.
There are monsters nearby!
You hit the kobold but do no damage.
There are monsters nearby!
You hit the kobold.
You kill the kobold!
Things that are here:
a +0 short sword; a kobold corpse The iguana misses you.
You closely miss the iguana. The iguana bites you!
You hit the iguana. You bite the iguana, but do no damage.
The iguana is lightly wounded.
The iguana misses you.
You hit the iguana.
The iguana is moderately wounded.
The iguana bites you!
Ouch! That really hurt!
* * * LOW HITPOINT WARNING * * *
You are too injured to fight recklessly!
You are too injured to fight recklessly!
You are too injured to fight recklessly!
You are too injured to fight recklessly!
You are too injured to fight recklessly!
You are too injured to fight recklessly!
The iguana attacks as it pursues you! The iguana closely misses you.
Things that are here:
a +0 short sword; a kobold corpse The iguana attacks as it pursues you!
The iguana bites you. The iguana attacks as it pursues you!
The iguana bites you!
Ouch! That really hurt!
You die...

..$.... #.......
#....... #.......
#......# ........
###########.......
#....hl.....#
#.#########)#
#.#.......#.#
#.#....<#)#.#
#.#.....#.#.#
#.......#.#.#
######..#.#.#
#......#.#
#.#..###.#


You could see an iguana.

Vanquished Creatures
  An adder (D:2)
  A dart slug (D:2)
  6 ball pythons
  A bat (D:1)
  An endoplasm (D:1)
  A giant cockroach (D:2)
  3 goblins
  6 hobgoblins
  9 kobolds
  A quokka (D:2)
  4 frilled lizards
  6 rats
40 creatures vanquished.

Notes
Turn   | Place    | Note
-------+----------+-------------------------------------------
     0 | D:1      | dialectric the Vine Stalker Shapeshifter began the quest
                  | for the Orb.
     0 | D:1      | Reached XP level 1. HP: 9/9 MP: 2/2
    98 | D:1      | Reached XP level 2. HP: 14/14 MP: 3/3
   438 | D:1      | Reached XP level 3. HP: 16/17 MP: 2/4
   493 | D:1      | Reached skill level 1 in Fighting
  1453 | D:3      | Slain by an iguana

Illustrated notes

Levels and vault maps discovered:
D:1:      lightli_arrival_statue_moat, layout_loops_ring
D:2:      layout_basic, nrook_mini_vaults, minivault_26
D:3:      layout_basic, nicolae_ru_sacrificial_ziggurat, serial_shops, shop,
          dreamdust_princess_bridge, uniq_ijyb

Skill      XL: |  1  2  3 |
---------------+----------+-----
Dodging        | 2 |  2.1
Fighting       | 1 |  1.1
Armour         | |  0.8
Unarmed Combat | |  3.1
Shapeshifting  | |  3.7

Action                     || total
---------------------------++-------
  Melee: Unarmed           ||    82
         Bite              ||    13
         Punch             ||     3
   Stab: Sleeping          ||     2
 Armour: Animal skin       ||    30
  Dodge: Dodged            ||    47
